Cogmind - Beta 14 @@@ ROGUE MODE // 2024.11.30 @ 17:06:48 Player: akira Result: Destroyed by S-10 Pest with Light Assault Rifle Performance ------------- Evolutions (0) 0 Regions Visited (4) 800 Robots Destroyed (28) 140 Value Destroyed (591) 591 Prototype IDs (23) 460 Alien Tech Used (0) 0 Bonus (300) 300 TOTAL SCORE: 2291 Bonus ------- Aligned with FarCom 300 Cogmind --------- Core Integrity 0/250 Matter 200/300 Energy 125/125 System Corruption 0% Temperature Cool (0) Movement Treading (240) Ox1 Location -9/Mines Parts ------- > --- POWER (1) -------- Light Ion Engine > --- PROPULSION (2) --- Light Treads Aluminum Leg > --- UTILITY (2) ------ Large Storage Unit Core Shielding > --- WEAPON (2) ------- Heavy Assault Rifle Heavy Assault Rifle > --- INVENTORY (15) --- Wheel Compact Wheel Small Storage Unit Medium Matter Pod (100) Sensor Array Signal Interpreter Seismic Detector Modified TNC Targeting Computer Hacking Suite Hacking Suite Heavy Assault Rifle Mining Claw Peak State ------------ > --- POWER ------------ Light Nuclear Core > --- PROPULSION ------- Wheel Wheel > --- UTILITY ---------- Large Storage Unit Seismic Detector > --- WEAPON ----------- Heavy Assault Rifle Heavy Assault Rifle > --- INVENTORY -------- Light Ion Engine Aluminum Leg Aluminum Leg Compact Wheel Small Storage Unit Medium Matter Pod Sensor Array Signal Interpreter Targeting Computer Weapon Shielding Hacking Suite Hacking Suite Heavy Assault Rifle Heavy Assault Rifle Mining Claw [Rating: 13] Favorites ----------- Power Light Ion Engine Engine Light Ion Engine Power Core Light Nuclear Core Propulsion Light Treads Treads Light Treads Leg Aluminum Leg Wheel Wheel Utility Large Storage Unit Device Seismic Detector Storage Large Storage Unit Protection Core Shielding Weapon Heavy Assault Rifle Energy Gun Small Laser Ballistic Gun Heavy Assault Rifle Slashing Weapon Mining Claw Build | -11 -10 -10 -10 -9 ------- Run | Yrd Mat Min Exi Min Slots Evolved . | . . . . . Power . | . . . . . Propulsion . | . . . . . Utility . | . . . . . Weapon . | . . . . . Parts Attached 25 | 6 14 3 . 2 Power 5 | 1 3 1 . . Engine 4 | 1 2 1 . . Core 1 | . 1 . . . Reactor . | . . . . . Propulsion 6 | 2 2 1 . 1 Treads 3 | 2 . 1 . . Leg 1 | . . . . 1 Wheel 2 | . 2 . . . Hover . | . . . . . Flight . | . . . . . Utility 4 | 1 2 1 . . Device 1 | . 1 . . . Storage 2 | 1 1 . . . Processor . | . . . . . Hackware . | . . . . . Protection 1 | . . 1 . . Artifact . | . . . . . Weapon 10 | 2 7 . . 1 Energy Gun 3 | 1 2 . . . Energy Cannon . | . . . . . Ballistic Gun 6 | 1 4 . . 1 Ballistic Cannon . | . . . . . Launcher . | . . . . . Special Weapon . | . . . . . Impact Weapon . | . . . . . Slashing Weapon 1 | . 1 . . . Piercing Weapon . | . . . . . Special Melee Weapon . | . . . . . Unidentified Prototypes . | . . . . . Parts Lost 7 | . 5 2 . . Power 2 | . 1 1 . . Propulsion 3 | . 2 1 . . Utility . | . . . . . Weapon 2 | . 2 . . . Highest Loss Streak 3 | . 3 2 . . To Critical Strikes . | . . . . . Average Slot Usage (%) 90 | . 90 99 85 88 Engine 12 | . 12 8 14 14 Core 1 | . 1 5 . . Treads 14 | . 15 7 14 14 Wheel 8 | . 5 19 14 2 Device 9 | . 14 4 . . Storage 14 | . 14 14 14 14 Protection 4 | . . 9 14 14 Energy Gun 7 | . 11 . . . Ballistic Gun 13 | . 12 28 14 16 Slashing Weapon 2 | . 4 . . . Peak Build Rating 13 | 6 13 13 9 11 Average Rating 8 | 4 7 11 8 9 On Entrance 7 | . 6 13 10 9 Naked Turns . | . . . . . Heaviest Build 32 | 13 32 32 27 30 Greatest Support 40 | 40 40 20 20 20 Greatest Overweight (x) 2 | . 2 1 1 1 Average Overweight (x) . | . . 1 1 1 Largest Inventory Capacity 15 | 8 15 15 15 15 Average Capacity 14 | 7 14 15 15 15 Most Carried 15 | 8 15 15 14 14 Average Carried 11 | 5 10 13 13 13 Final Capacity 15 | 8 15 15 15 15 Final Carried 15 | 7 15 13 14 13 Class Distribution -------------------- 100% | Mutant Dominant Class ---------------- Mutant | -10/Materials Mutant | -10/Mines Mutant | -10/Exiles Mutant | -9/Mines Resources | -11 -10 -10 -10 -9 ----------- Run | Yrd Mat Min Exi Min Matter Collected 748 | 272 392 84 . . Remotely . | . . . . . Salvage Created 833 | 104 602 94 . 33 Parts 55 | 6 36 10 . 3 Haulers Intercepted . | . . . . . Recyclers Shooed 2 | 1 1 . . . Parts Field Recycled . | . . . . . Retrieved Matter . | . . . . . Parts Self-Destructed . | . . . . . Prevented . | . . . . . Kills | -11 -10 -10 -10 -9 ------- Run | Yrd Mat Min Exi Min Combat Hostiles Destroyed 21 | . 13 6 . 2 Guns 20 | . 12 6 . 2 AOE 1 | . 1 . . . Classes Destroyed 7 | 2 5 . . . Builder 1 | . 1 . . . Tunneler 1 | 1 . . . . Recycler 1 | 1 . . . . Operator 3 | . 3 . . . Watcher 1 | . 1 . . . Swarmer 11 | . 3 6 . 2 Grunt 10 | . 10 . . . Best Kill Streak 4 | 2 4 3 . 2 Combat Bots Only 4 | . 4 3 . 2 Max Kills in Single Turn 2 | 1 2 2 . 2 Gunslinging 1 | . 1 1 . 1 Exploded 1 | . 1 . . . Melee . | . . . . . Uniques/NPCs Destroyed . | . . . . . Combat | -11 -10 -10 -10 -9 -------- Run | Yrd Mat Min Exi Min Hostile Shots Fired 175 | . 97 65 . 13 Missed 48 | . 21 22 . 5 Damage Taken 1318 | . 900 355 . 63 Core 254 | . 137 97 . 20 Absorbed by Shields . | . . . . . Redirected to Shielding 8 | . . 5 . 3 Core Remaining (%) 100 | 100 . . . . Volleys Fired 71 | 4 45 19 . 3 Largest 2 | 2 2 2 . 2 Hottest 80 | 60 80 46 . 46 Shots Fired 141 | 8 89 38 . 6 Gun 141 | 8 89 38 . 6 Cannon . | . . . . . Launcher . | . . . . . Special . | . . . . . Kinetic 112 | 4 64 38 . 6 Thermal 26 | 4 22 . . . Explosive . | . . . . . Electromagnetic 3 | . 3 . . . Robot Hit Streak 11 | 3 11 4 . 2 Robot Miss Streak 3 | 3 2 3 . 2 Penetration Max . | . . . . . Secondary Targets 7 | . 4 2 . 1 Max Gunslinging Chain 1 | . 1 1 . 1 Shots Hit Robots 88 | 4 67 15 . 2 Core Hits 40 | 2 30 6 . 2 Critical Kills 2 | . 1 1 . . Critical Parts Destroyed . | . . . . . Critical Strikes 2 | . 1 1 . . Destroy 2 | . 1 1 . . Melee Attacks 7 | . 7 . . . Impact . | . . . . . Slashing 7 | . 7 . . . Piercing . | . . . . . Sneak Attacks 2 | . 2 . . . Combat Hostiles . | . . . . . Follow-up Attacks . | . . . . . Damage Inflicted 1394 | 50 1073 237 . 34 Guns 1162 | 50 841 237 . 34 Cannons . | . . . . . Explosions 117 | . 117 . . . Melee 112 | . 112 . . . Ramming 3 | . 3 . . . Kinetic 947 | 39 637 237 . 34 Thermal 290 | 11 279 . . . Explosive . | . . . . . Electromagnetic 42 | . 42 . . . Impact . | . . . . . Slashing 112 | . 112 . . . Piercing . | . . . . . Highest Corruption . | . . . . . Average Corruption . | . . . . . Corruption Purged . | . . . . . Corruption Blocked . | . . . . . Overload Shots . | . . . . . Overflow Damage 72 | . 72 . . . Projectiles . | . . . . . Explosions . | . . . . . Melee 72 | . 72 . . . Knockbacks . | . . . . . Impact . | . . . . . Kinetic . | . . . . . Secondary . | . . . . . Self-Inflicted Damage . | . . . . . Shots . | . . . . . Rammed 1 | . 1 . . . Targets Rammed 1 | . 1 . . . Kicked . | . . . . . Crushed . | . . . . . Highest Temperature 108 | . 108 . . . Average Temperature 23 | . 23 . . . Received Heat Transfer 456 | . 456 . . . Siege Activations . | . . . . . Robots Corrupted . | . . . . . Combat Hostiles . | . . . . . Parts Fried . | . . . . . Impact Corruptions . | . . . . . Robots Melted . | . . . . . Combat Hostiles . | . . . . . Parts Melted 1 | . 1 . . . Heat Transferred 450 | 25 425 . . . Parts Sabotaged . | . . . . . Parts Stolen . | . . . . . Parts Stripped . | . . . . . Power Chain Reactions 1 | . 1 . . . Alert | -11 -10 -10 -10 -9 ------- Run | Yrd Mat Min Exi Min Peak Influence 150 | 10 146 150 . 50 Initial 30 | . 6 30 . . Average 74 | 2 75 122 . 8 Maximum Alert Level . | . . . . . Low Security (%) 100 | 100 100 100 . 100 Level 1 . | . . . . . Level 2 . | . . . . . Level 3 . | . . . . . Level 4 . | . . . . . Level 5 . | . . . . . High Security . | . . . . . Max Security . | . . . . . Squads Dispatched 3 | . 3 . . . Investigation . | . . . . . Extermination . | . . . . . Reinforcement 3 | . 3 . . . Assault . | . . . . . Garrison . | . . . . . Intercept . | . . . . . Searches Triggered . | . . . . . Construction Impeded . | . . . . . Haulers Reinforced . | . . . . . Active Scanning Responses . | . . . . . Cargo Convoy Interrupts . | . . . . . Stealth | -11 -10 -10 -10 -9 --------- Run | Yrd Mat Min Exi Min Distress Signals . | . . . . . Communications Jammed . | . . . . . Distress Signals . | . . . . . Times Spotted 39 | . 30 6 . 3 Peak Tracking Total 4 | . 4 3 . 3 Tactical Retreats . | . . . . . Traps | -11 -10 -10 -10 -9 ------- Run | Yrd Mat Min Exi Min Traps Triggered . | . . . . . Indirectly . | . . . . . Trap Hack Attempts . | . . . . . Triggered . | . . . . . Disarmed . | . . . . . Reprogrammed . | . . . . . Reused . | . . . . . Traps Extracted . | . . . . . Installed . | . . . . . Triggered . | . . . . . Machines | -11 -10 -10 -10 -9 ---------- Run | Yrd Mat Min Exi Min Machines Disabled 2 | . 2 . . . Max in Single Turn 1 | . 1 . . . Machines Repaired . | . . . . . Machines Dismantled . | . . . . . Machines Sabotaged . | . . . . . Overloaded Fab Kills . | . . . . . Hacking | -11 -10 -10 -10 -9 --------- Run | Yrd Mat Min Exi Min Machines Accessed 6 | . 5 . 1 . Terminals 5 | . 5 . . . Fabricators . | . . . . . Repair Stations . | . . . . . Recycling Units . | . . . . . Scanalyzers . | . . . . . Garrison Access . | . . . . . Total Hacks 15 | . 14 . 1 . Successful 8 | . 7 . 1 . Failed 7 | . 7 . . . Catastrophic . | . . . . . Database Lockouts . | . . . . . Manual 13 | . 12 . 1 . Terminals 14 | . 14 . . . Fabricators . | . . . . . Repair Stations . | . . . . . Recycling Units . | . . . . . Scanalyzers . | . . . . . Garrison Access . | . . . . . Terminal Hacks 5 | . 4 . 1 . Robot Analysis 1 | . 1 . . . Branch Access Points 1 | . 1 . . . Alert Level 1 | . 1 . . . Locate Traps 1 | . 1 . . . Derelict Proto ID Bank 1 | . . . 1 . Fabricator Hacks . | . . . . . Repair Station Hacks . | . . . . . Recycling Unit Hacks . | . . . . . Scanalyzer . | . . . . . Garrison Access Hacks . | . . . . . Unauthorized Hacks 3 | . 3 . . . Terminals 3 | . 3 . . . Botnet 3 | . 3 . . . Fabricators . | . . . . . Repair Stations . | . . . . . Recycling Units . | . . . . . Scanalyzers . | . . . . . Garrison Access . | . . . . . Data Cores Recovered . | . . . . . Used . | . . . . . Hacking Detections 4 | . 4 . . . Full Trace Events . | . . . . . Feedback Events . | . . . . . Feedback Blocked . | . . . . . Robot Schematics Acquired . | . . . . . Robots Built . | . . . . . Authchips . | . . . . . Time . | . . . . . Total Robot Build Rating . | . . . . . Part Schematics Acquired . | . . . . . Parts Built . | . . . . . Authchips . | . . . . . Time . | . . . . . Total Part Build Rating . | . . . . . Parts Repaired . | . . . . . Time . | . . . . . Parts Recycled . | . . . . . Recycled Matter . | . . . . . Retrieved Matter . | . . . . . Retrieved Components . | . . . . . Parts Scanalyzed . | . . . . . Part Schematics Acquired . | . . . . . Parts Damaged . | . . . . . Bothacking | -11 -10 -10 -10 -9 ------------ Run | Yrd Mat Min Exi Min Used RIF Installer . | . . . . . Robots Hacked . | . . . . . Non-combat . | . . . . . Combat . | . . . . . Robot Hacks Applied . | . . . . . Relay Couplers Released . | . . . . . Fabnet Peak Effective % . | . . . . . Robots Rewired . | . . . . . Allies Hacked . | . . . . . Hacks Repelled . | . . . . . Allies | -11 -10 -10 -10 -9 -------- Run | Yrd Mat Min Exi Min Total Allies . | . . . . . Largest Group . | . . . . . Highest-Rated Group . | . . . . . Highest-Rated Ally . | . . . . . Total Orders . | . . . . . Ally Attacks . | . . . . . Total Damage . | . . . . . Kills . | . . . . . Allies Corrupted . | . . . . . Allies Melted . | . . . . . Intel | -11 -10 -10 -10 -9 ------- Run | Yrd Mat Min Exi Min Robot Analysis Total 1 | . 1 . . . Derelict Logs Recovered 1 | . . 1 . . Drone Launches . | . . . . . Drone Recoveries . | . . . . . Exploration | -11 -10 -10 -10 -9 ------------- Run | Yrd Mat Min Exi Min Turns Passed 2524 | 120 1639 193 520 52 Spaces Moved 1198 | 58 832 82 217 9 Core 1 | 1 . . . . Treads 874 | 57 556 35 217 9 Legs . | . . . . . Wheels 323 | . 276 47 . . Hover . | . . . . . Flight . | . . . . . Fastest Speed 50 | 50 95 95 240 240 Average Speed 182 | 158 171 156 240 240 Slowest Speed 240 | 160 240 240 240 240 Overloaded Moves . | . . . . . Propulsion Burnouts . | . . . . . Robots Hopped . | . . . . . Cave-ins Triggered . | . . . . . Exploration Rate (%) 33 | 4 97 22 41 5 Regions Visited 4 Branch Regions 3 Pre-discovered Areas . | . . . . . Known Exits Taken 1 | . 1 . . . Unknown Exits Taken 3 | 1 . 1 1 . Scrap Searched . | . . . . . Spaces Dug 1 | . 1 . . . Terrain Destroyed 5 | . 5 . . . Melee 1 | . 1 . . . Projectile . | . . . . . AOE 4 | . 4 . . . Terrain Rammed . | . . . . . Walls Destroyed . | . . . . . Machines Disabled . | . . . . . Actions | -11 -10 -10 -10 -9 --------- Run | Yrd Mat Min Exi Min Total 1377 | 76 940 109 218 34 Wait 45 | . 19 6 . 20 Move 1194 | 57 831 81 216 9 Hop . | . . . . . Pick Up 27 | 9 17 . 1 . Fast Attach 4 | 4 . . . . Attach 14 | 2 9 2 . 1 Detach 1 | . 1 . . . Swap 7 | . 5 1 . 1 Drop 6 | . 5 . 1 . Fire 71 | 4 45 19 . 3 Melee 7 | . 7 . . . Ram . | . . . . . Kick . | . . . . . Crush 1 | . 1 . . . Escape Stasis . | . . . . . Rewire . | . . . . . Trap . | . . . . . Miscellaneous . | . . . . . Route ------- -11/Scrapyard -10/Materials (discovered 4 exits: [*Mat x3] / *Min) -10/Mines (discovered 2 exits: [*Mat] / *Exi) -10/Exiles -9/Mines History --------- Turn | Location | Event 55 | -11/Scrapyard | Discovered new exit (range 15) 121 | -11/Scrapyard | Entered Materials 226 | -10/Materials | Discovered new exit (range 15) 313 | -10/Materials | Build established: Mutant 596 | -10/Materials | Lost 3 parts (1p1n1w) 864 | -10/Materials | Identified exit to Mines 999 | -10/Materials | Discovered new exit (range 15) 1244 | -10/Materials | Discovered new exit (range 15) 1472 | -10/Materials | Core integrity fell below 50% 1598 | -10/Materials | Discovered new exit (range 16) 1760 | -10/Materials | Entered Mines 1784 | -10/Mines | Learned 2 Materials zone layouts 1835 | -10/Mines | Core integrity fell below 20% 1836 | -10/Mines | Discovered new exit (range 13) 1941 | -10/Mines | Deemed a non-threat by the Exiles lab entrance 1944 | -10/Mines | Discovered new exit (range 5) 1953 | -10/Mines | Entered Exiles 2012 | -10/Exiles | Met 8R-AWN 2052 | -10/Exiles | Met EX-HEX 2117 | -10/Exiles | Met EX-BIN 2151 | -10/Exiles | Aligned with FarCom system 2153 | -10/Exiles | Given EX-Vault access code 2220 | -10/Exiles | Opened EX-Vault 2237 | -10/Exiles | Found Modified TNC 2286 | -10/Exiles | Warned to stay clear of 0b10 Research branches 2447 | -10/Exiles | Discovered new exit (range 14) 2473 | -10/Exiles | Left Exiles lab with Modified TNC 2473 | -10/Exiles | Entered Mines 2525 | -9/Mines | Destroyed by S-10 Pest with Light Assault Rifle Last Messages --------------- could be picked up there, but you're welcome to try if you really want to. And if we have to leave here due to unforeseen circumstances, don't worry the FarCom system will continue to maintain contact via our distributed network. EX-BIN: And don't even think about spreading that code around. We're gonna change it right after you leave. Most certainly not to something like 1234 which I did last time as a little joke and some thief managed to sneak in here and steal a few of HEX's prototypes. 02447_ EXIT=FOUND LOCATION=UNKNOWN GOAL=ESCAPE 02473_ Receiving FarCom transmissions... 02474_ K-01 Serf collects debris. 02516_ S-10 Pest destroyed. 02516_ Switching to secondary target: S-10 Pest. 02516_ S-10 Pest destroyed. Map ----- +----------------------------------------------------+ | ???????????????????????????????????????? | | ???????????????????????????????????????? | | ???????????????????????????????????????? | | ???????????????????????????????????????? | | ???????????????????????????????????????? | | ???????????????????????????????????????? | | ???????????????????????????????????????? | | ???????????????????????????????????????? | | ???????????????????????????????????????? | | ???????????????????????????????????????? | | ???????????????????????????????????????? | | ???????????????????????????????????????? | | ???????????????????????????????????????? | | ???????????????????????????????????????? | | ???????????????????????????????????????? | | ???????????????????????????????????????? | | ???????????????????????????????????????? | | ???????????????????????????????????????? | | ???????????????????????????????????????? | | ??????????????????#######??????????????? | | ??????????????????# #??????????????? | | ????????????#?????# ## ####s???????? | | ????????????# ????# $?ss??????? | | ??????# # ##### #??????????????? | | ???????# t #??????????????? | | ???????## ####@### #??????????????? | | ??????????????#[#?#######??????????????? | | ??????????????#s#??????????????????????? | | ?????????????? *=??????????????????????? | | ??????????????"% ??????????????????????? | | ??????????????" ??????????????????????? | | ??????????????" ??????????????????????? | | ????????????? ?????????????????????? | | ?????????????#####?????????????????????? | | ???????????????????????????????????????? | | ???????????????????????????????????????? | | ???????????????????????????????????????? | | ???????????????????????????????????????? | | ???????????????????????????????????????? | | ???????????????????????????????????????? | | | | | | | | | | | | | | | | | | | | | +----------------------------------------------------+ Best States ------------- Heat Dissipation 25 Energy Generation 14 Energy Capacity 250 Matter Stores 300 Matter Capacity 300 Sight Range 16 Terrain Scan Density 10 Core Shielding 20 Evasion (%) 41 Recoil Reduction 2 Item Schematics ----------------- None Robot Schematics ------------------ None Fabricated ------------ Nothing Alien Tech Used ----------------- None Achievements -------------- None Challenges ------------ None Game ------ Seed ForceBoreRouter Manual? 0 Play Time 00:14:19 Cumulative 70.0 hours Start 2024.11.30 @ 16:52:47 End 2024.11.30 @ 17:06:48 Sessions 1 Manual Loads 0 Difficulty Rogue Special Mode None Game No. 71 Rogue 71 Adventurer 0 Explorer 0 Win Type - Total 0 Types 0/0/0/0/0/0/0/0/0 Lore% 10 Gallery% 33 Achievement% 32 Wizard Run 0 Options --------- Layout 2 ASCII 0 Keyboard 0 Movement Mouse Keybinds 0 Fullscreen 2 Font 16/SmallcapsGlow Map View 55x47 Zoom Use 12% Tactical HUD 1 Map Filters NONE Filters NONE Steam 1 RUN: 65a75fa6-61c0-4414-ab0a-ba025c136305